 Dungeon Crawl Stone Soup version 0.30-a0-218-gedb9141078 (webtiles) character file.

Game seed: 15000365504415256569

277 Snarg the Conjurer (level 6, -1/29 (35) HPs)
             Began as a Tengu Reaver on Oct 5, 2022.
             Was an Initiate of Wu Jian.
             Slain by Edmund
             ... wielding a +4 vorpal flail
              (3 damage)
             ... on level 5 of the Dungeon on Oct 6, 2022.
             The game lasted 00:30:48 (5722 turns).

Snarg the Conjurer (Tengu Reaver)                   Turns: 5722, Time: 00:30:48

HP:   -1/29 (35)    AC:  5    Str: 14    XL:     6   Next: 26%
MP:   19/19         EV: 14    Int: 14    God:    Wu Jian [......]
Gold: 247           SH:  0    Dex: 12    Spells: 3/9 levels left

rFire   . . .      SeeInvis .    w - +0 trident (flame)
rCold   . . .      Faith    .    (no shield)
rNeg    . . .      Spirit   .    p - +0 leather armour
rPois   .          Reflect  .    (helmet restricted)
rElec   .          Harm     .    i - +1 cloak
rCorr   .          Rampage  .    (no gloves)
Will    .....                    (boots unavailable)
Stlth   +.........               y - amulet of regeneration
HPRegen 1.04/turn                D - ring of magical power
MPRegen 0.16/turn                (no ring)

@: brilliant, flying quickly and evasively, heavily drained, quick
A: beak, talons 3, nimble flight
a: Renounce Religion


You were on level 5 of the Dungeon.
You worshipped Wu Jian.
Wu Jian was noncommittal.
You visited 2 branches of the dungeon, and saw 6 of its levels.

You collected 247 gold pieces.

Inventory:

Hand Weapons
 a - a +0 spear
 r - a +1 dagger of speed
 w - a +0 trident of flaming (weapon)
Missiles
 f - 49 stones (quivered)
 g - 9 poisoned darts
 m - 3 javelins
 s - a throwing net
Armour
 i - a +1 cloak (worn)
 j - a scarf of harm
 p - a +0 leather armour (worn)
Magical Staves
 b - a staff of conjuration
Jewellery
 y - an amulet of regeneration (around neck)
 D - a ring of magical power (left hand)
 E - an amulet of magic regeneration
Wands
 v - a wand of mindburst (9)
 z - a wand of flame (16)
Scrolls
 e - 2 scrolls of teleportation
 l - 2 scrolls of amnesia
 n - a scroll of magic mapping
 u - a scroll of enchant armour
 B - a scroll of vulnerability
Potions
 c - a potion of ambrosia {unknown}
 d - a potion of heal wounds {unknown}
 h - 2 potions of attraction
 k - a potion of cancellation {unknown}
 o - 2 potions of magic {unknown}
 q - a potion of flight
 x - a potion of berserk rage {unknown}
 A - 2 potions of brilliance
 C - 2 potions of curing


   Skills:
 - Level 2.0 Fighting
 - Level 4.6 Polearms
 - Level 2.2 Armour
 - Level 2.8 Dodging
 - Level 1.1 Stealth
 - Level 2.0 Spellcasting
 + Level 5.0 Conjurations
 - Level 1.0 Necromancy
 * Level 1.9 Translocations
 * Level 1.3 Ice Magic
 + Level 0.1 Evocations


You had 3 spell levels left.
You knew the following spells:

 Your Spells              Type           Power      Damage    Failure   Level
a - Kiss of Death         Conj/Necr      56%        2d9       9%          1
b - Momentum Strike       Conj/Tloc      32%        3d8       11%         2
c - Hailstorm             Conj/Ice       15%        3d5       24%         3

Your spell library contained the following spells:

 Spells                   Type           Power      Damage    Failure   Level
 Apportation              Tloc           20%        N/A       13%         1
 Ensorcelled Hibernation  Hex/Ice        8%         N/A       34%         2
 Passwall                 Tmut/Erth      1%         N/A       41%         2
 Portal Projectile        Hex/Tloc       12%        N/A       52%         3
 Call Canine Familiar     Summ           2%         N/A       65%         3
 Swiftness                Air            2%         N/A       65%         3
 Tukima's Dance           Hex            2%         N/A       65%         3
 Leda's Liquefaction      Hex/Erth       1%         N/A       96%         4
 Alistair's Intoxication  Tmut/Pois      1%         N/A       100%        5
 Blade Hands              Tmut           1%         N/A       100%        5


Dungeon Overview and Level Annotations

Branches:
Dungeon (5/15)             Temple (1/1) D:5

Altars:
Ashenzari
Cheibriados
Dithmenos
Elyvilon
Fedhas
Gozag
Hepliaklqana
Kikubaaqudgha
Makhleb
Nemelex Xobeh
Okawaru
Qazlal
Ru
Trog
Uskayaw
Vehumet
Wu Jian
Xom
Yredelemnul
Zin
The Shining One

Annotations:
D:1 clr
D:2 clr
D:5 Edmund


Innate Abilities, Weirdness & Mutations

You have a beak for a mouth.
You have claws for feet.
Your magical nature lets you fly swiftly and evasively.


Message History

Press: ? - help, v - describe, . - travel
Here: Edmund, wielding a +4 vorpal flail and wearing a +0 ring mail (fast)
The floor.
Okay, then.
Unknown command.
As you read the scroll labelled BIEVEA HAPSU, it crumbles to dust.
It is a scroll of brand weapon.
Your +0 trident is engulfed in flames!
w - a +0 trident of flaming Your +0 trident of flaming bursts into flame!
w - a +0 trident of flaming (weapon)
Edmund hits you but does no damage.
Okay, then.
Unknown command.
Unknown command.
Cast which spell? (? or * to list)
Aiming: Kiss of Death (safe; 9% risk of failure)
Press: ? - help, Shift-Dir - straight line, f - Edmund
Aim: Edmund, wielding a +4 vorpal flail and wearing a +0 ring mail (fast, 100% to hit)
The negative energy hits Edmund!
Edmund is drained!
Edmund is moderately wounded.
You feel drained. Edmund hits you with a +4 vorpal flail!
Unknown command.
Unknown command.
Edmund attacks as you move away! Edmund misses you. x2
You puncture Edmund! You burn Edmund. You claw Edmund, but do no damage.
Your peck misses Edmund.
Edmund is heavily wounded.
Edmund hits you with a +4 vorpal flail!
Unknown command.
You feel better.
Edmund hits you with a +4 vorpal flail. x2
You hit Edmund. You burn Edmund.
Edmund is heavily wounded.
Edmund hits you with a +4 vorpal flail!
* * * LOW HITPOINT WARNING * * *
x2 Unknown command.
It was a potion of brilliance.
You feel clever all of a sudden. Edmund hits you with a +4 vorpal flail.
You die...

#...###...............# ###
#.#...#...............#
##..#..................# ######
....####...............#####>...#
).g..####........................
#.#...##...#.....................
#...#.....###.........#####....##
###..#..>.###...@.....# ######
##.##....##...@....##
#..##...##.........#
#.###..##.........## ####
#.###.#..........######..##
#..#......................#
##...##.......<..######...# #
#...###....#...## ##..# #
##..########...# #..# # ##..##
#..## #..#


You could see Edmund (fast, drained).

Vanquished Creatures
  A scorpion (D:4)
  An orc priest (D:4)
  A hound (D:5)
  Jessica (D:3)
  An iguana (D:4)
  An orc wizard (D:4)
  Robin (D:2)
  4 adders
  A worm (D:3)
  A dart slug (D:2)
  7 orcs
  6 endoplasms
  A giant cockroach (D:1)
  21 goblins
  14 hobgoblins
  8 jackals (D:1)
  3 quokkas
  8 ball pythons
  8 bats
  5 frilled lizards
  6 kobolds
  5 rats
105 creatures vanquished.

Vanquished Creatures (others)
  A scorpion (D:4)
  An orc wizard (D:4)
  A gnoll (D:4)
  An adder (D:3)
  An orc (D:5)
  A hobgoblin (D:1)
  A jackal (D:1)
7 creatures vanquished.

Grand Total: 112 creatures vanquished

Notes
Turn   | Place    | Note
-------+----------+-------------------------------------------
     0 | D:1      | Snarg the Tengu Reaver began the quest for the Orb.
     0 | D:1      | Reached XP level 1. HP: 12/12 MP: 4/4
     2 | D:1      | Noticed a tengu
     2 | D:1      | Noticed an ogre
     4 | D:1      | Noticed a merfolk
     4 | D:1      | Noticed a minotaur
     6 | D:1      | Noticed a vine stalker
     6 | D:1      | Noticed an armataur
     8 | D:1      | Noticed a human
    10 | D:1      | Noticed a ghoul
    10 | D:1      | Noticed an elf
    13 | D:1      | Noticed a demigod
    13 | D:1      | Noticed a spriggan
    15 | D:1      | Noticed a vampire
    15 | D:1      | Noticed a troll
    17 | D:1      | Noticed an octopode
    17 | D:1      | Noticed a formicid
    19 | D:1      | Noticed a naga
    19 | D:1      | Noticed a meteoran
    21 | D:1      | Noticed a demonspawn
    23 | D:1      | Noticed a felid
    26 | D:1      | Noticed a draconian
    26 | D:1      | Noticed a gargoyle
    28 | D:1      | Noticed a formicid
    28 | D:1      | Noticed a merfolk
   116 | D:1      | Reached XP level 2. HP: 17/17 MP: 6/6
   121 | D:1      | Learned a level 2 spell: Momentum Strike
   364 | D:1      | Reached skill level 1 in Stealth
   370 | D:1      | Reached XP level 3. HP: 18/21 MP: 5/7
   596 | D:1      | Reached skill level 1 in Necromancy
   773 | D:2      | Noticed Robin
   892 | D:2      | Killed Robin
   987 | D:2      | Reached XP level 4. HP: 26/26 MP: 5/8
  1294 | D:2      | Reached skill level 1 in Armour
  2163 | D:3      | Noticed Jessica
  2169 | D:3      | Killed Jessica
  2235 | D:3      | Found a sparkling altar of Nemelex Xobeh.
  2625 | D:3      | Found a faded altar of an unknown god.
  2905 | D:4      | Noticed an ice beast
  3001 | D:4      | Gained mutation: Your magical nature lets you fly swiftly
                  | and evasively. [Tengu growth]
  3001 | D:4      | Reached XP level 5. HP: 30/30 MP: 0/9
  3208 | D:4      | Learned a level 3 spell: Hailstorm
  3334 | D:4      | Reached skill level 1 in Translocations
  3692 | D:4      | Reached skill level 1 in Ice Magic
  3692 | D:4      | Reached XP level 6. HP: 10/35 MP: 1/10
  4246 | D:5      | Entered Level 5 of the Dungeon
  4514 | D:5      | Reached skill level 5 in Conjurations
  4564 | D:5      | Found a staircase to the Ecumenical Temple.
  4582 | Temple   | Entered the Ecumenical Temple
  5063 | Temple   | Became a worshipper of the Wu Jian Council
  5693 | D:5      | Noticed Edmund
  5721 | D:5      | HP: 1/29 [Edmund/+4 vorpal flail (1)]
  5722 | D:5      | Slain by Edmund

Illustrated notes

Levels and vault maps discovered:
D:1:      kb_arrival_jail, layout_loops_ring, minmay_split_cup_small
D:2:      layout_basic, minmay_goblin_outpost, uniq_robin
D:3:      minmay_evil_eye, layout_loops_cross, mainiacjoe_overflow_paths,
          dreamdust_ecumenical_altar_grove, uniq_jessica
D:4:      layout_basic
D:5:      layout_layer_cave, minmay_temple_entry_wispy, uniq_edmund
Temple:   mainiacjoe_temple_big_plus

Skill      XL: |  1  2  3  4  5  6 |
---------------+-------------------+-----
Stealth        | 1 |  1.1
Necromancy     | 1 |  1.0
Polearms       | 4 |  4.6
Armour         | 1 2 |  2.2
Translocations | 1 |  1.9
Ice Magic      | 1 |  1.3
Conjurations   | 5 |  5.0
Fighting       | |  2.0
Dodging        | |  2.8
Spellcasting   | |  2.0
Evocations     | |  0.1

Action                   |  1- 3 |  4- 6 || total
-------------------------+-------+-------++-------
Melee: Spear             |   113 |   174 ||   287
       Kick              |    23 |    41 ||    64
       Peck              |    11 |    15 ||    26
       Punch             |       |     1 ||     1
       Trident           |       |     2 ||     2
Throw: Stone             |     2 |     3 ||     5
       Dart              |       |     2 ||     2
 Cast: Momentum Strike   |     5 |    20 ||    25
       Kiss of Death     |       |     2 ||     2
       Hailstorm         |       |     3 ||     3
Evoke: Wand              |       |     1 ||     1
  Use: Scroll            |       |    14 ||    14
       Potion            |       |     6 ||     6
 Stab: Sleeping          |     1 |     3 ||     4
Armor: Leather armour    |    24 |    37 ||    61
Dodge: Dodged            |    40 |    95 ||   135

Table legend: (Time is in decaauts)
 A = Elapsed time spent in this place.
 B = Non-inter-level travel time spent in this place.
 C = Inter-level travel time spent in this place.
 D = Time resting spent in this place.
 E = Time spent auto-exploring this place.
 F = Levels seen in this place.
 G = Mean time per level.
                   A        B        C        D        E       F      G
               +--------+--------+--------+--------+--------+-----+--------+
         Total |   5513 |   5186 |    327 |    692 |   3487 |   6 |  918.8 |
       Dungeon |   5050 |   4759 |    291 |    623 |   3139 |   5 | 1010.0 |
        Temple |    462 |    426 |     36 |     69 |    348 |   1 |  462.0 |
               +--------+--------+--------+--------+--------+-----+--------+

Top non-repeatable levels by time:
     D:4: 1293 daAuts
     D:2: 1156 daAuts
     D:3: 896 daAuts
     D:5: 859 daAuts
     D:1: 845 daAuts
  Temple: 462 daAuts
